 Dungeon Crawl Stone Soup version 0.30.0-17-ge0270778cf (webtiles) character file.

Game seed: 15590183046571492285

2194292 hikkokomori the Slayer (level 27, 145/182 HPs)
             Began as a Gargoyle Earth Elementalist on May 19, 2023.
             Was the Champion of Vehumet.
             Escaped with the Orb
             ... and 4 runes on May 23, 2023!
             The game lasted 06:29:15 (77999 turns).

hikkokomori the Slayer (GrEE)                      Turns: 77999, Time: 06:29:16

Health: 145/182    AC: 55    Str: 25    XL:     27
Magic:  46/46      EV: 20    Int: 43    God:    Vehumet [******]
Gold:   4097       SH:  0    Dex: 15    Spells: 2/64 levels left

rFire   + . .        j - staff of conjuration
rCold   + + .        f - orb {*channel}
rNeg    + . .        K - +11 storm dragon scales "Irromuh" {rElec Will+ Str+4 Int+5}
rPois   ∞            A - +0 helmet of the Evening {Int+7}
rElec   +            J - scarf of Indestructible Mirth {repulsion, Str+2 SInv}
rCorr   .            w - +2 pair of gloves
SInv    +            P - +5 pair of boots of the Gardener {*Slow rElec Slay+3}
Will    +++++        t - amulet of magic regeneration
Stlth   +            y - ring of the Sparrow {EV+5 Str+5}
HPRegen 0.50/turn    R - ring of Juacrass {Contam rPois rF+ rC++ Dex+6}
MPRegen 0.70/turn

%: slow self (1%), repel missiles, channel magic (20%)
@: flying, studying Shields
A: sickness immunity, AC +20, big wings, negative energy resistance 1,
electricity resistance, torment resistance 1, petrification resistance, clever
1, deformed body, strong-willed 2
0: Orb of Zot
}: 4/15 runes: serpentine, barnacled, slimy, silver
a: Renounce Religion


You escaped.
You worshipped Vehumet.
Vehumet was exalted by your worship.
You visited 14 branches of the dungeon, and saw 58 of its levels.
You visited 1 bazaar.
You also visited: Trove, Gauntlet and Ice Cave.

You collected 10882 gold pieces.
You spent 6785 gold pieces at shops.

Inventory:

Hand Weapons
 L - a +2 sacred scourge of holy wrath
Missiles
 v - a throwing net
Armour
 f - an orb of energy (worn)
 w - a +2 pair of gloves (worn)
 A - the +0 helmet of the Evening (worn) {Int+7}
   (You found it on level 2 of the Snake Pit)

   Int:       It affects your intelligence (+7).
 J - the scarf of Indestructible Mirth (worn) {repulsion, Str+2 SInv}
   (You acquired it on level 5 of the Pits of Slime)

   Str:       It affects your strength (+2).
   SInv:      It lets you see invisible.
 K - the +11 storm dragon scales "Irromuh" (worn) {rElec Will+ Str+4 Int+5}
   (You bought it in a shop on level 4 of the Snake Pit)

   Str:       It affects your strength (+4).
   Int:       It affects your intelligence (+5).
   rElec:     It insulates you from electricity.
   Will:      It increases your willpower.
 P - the +5 pair of boots of the Gardener (worn) {*Slow rElec Slay+3}
   (You bought it in a shop on level 2 of the Orcish Mines)

   Slay:      It affects your accuracy & damage with ranged weapons and melee
   (+3).
   rElec:     It insulates you from electricity.
   *Slow:     It may slow you when you take damage.
 X - a +2 hat of willpower
Magical Staves
 j - a staff of conjuration (weapon)
Jewellery
 i - a ring of willpower
 t - an amulet of magic regeneration (around neck)
 y - the ring of the Sparrow (left hand) {EV+5 Str+5}
   (You bought it in a shop in a bazaar)

   [ring of evasion]

   EV:        It affects your evasion (+5).
   Str:       It affects your strength (+5).
 E - the ring of the Raven {Wiz Int+5}
   (You took it off a deep elf demonologist on level 3 of the Elven Halls)

   [ring of wizardry]

   It improves your spell success rate.
   Int:       It affects your intelligence (+5).
 N - a +4 ring of protection
 R - the ring of Juacrass (right hand) {Contam rPois rF+ rC++ Dex+6}
   (You acquired it on level 11 of the Dungeon)

   [ring of dexterity]

   Dex:       It affects your dexterity (+6).
   rF:        It protects you from fire.
   rC:        It greatly protects you from cold.
   rPois:     It protects you from poison.
   Contam:    It causes magical contamination when unequipped.
 S - an amulet of regeneration
 Z - a ring of ice
Wands
 a - a wand of light (24)
 e - a wand of digging (18)
 u - a wand of paralysis (37)
 C - a wand of iceblast (35)
 G - a wand of polymorph (53)
 M - a wand of flame (66)
 W - a wand of mindburst (27)
Scrolls
 d - 6 scrolls of magic mapping
 h - 11 scrolls of teleportation
 k - 3 scrolls of butterflies
 m - 9 scrolls of enchant weapon
 n - 5 scrolls of brand weapon
 s - 5 scrolls of blinking
 x - 2 scrolls of silence
 D - 15 scrolls of fear
 H - 20 scrolls of fog
 I - 8 scrolls of poison
 O - 9 scrolls of torment
 T - 6 scrolls of enchant armour
 U - 13 scrolls of amnesia
Potions
 b - 6 potions of magic
 c - 5 potions of mutation
 g - 3 potions of invisibility
 l - 9 potions of heal wounds
 o - 8 potions of cancellation
 q - 18 potions of curing
 z - 8 potions of might
 B - 3 potions of haste
 F - 4 potions of brilliance
 Q - 5 potions of resistance
 Y - 4 potions of berserk rage
Miscellaneous
 p - a tin of tremorstones (2/2)
 r - a phantom mirror
 V - a lightning rod (3/4)


   Skills:
 + Level 21.0 Fighting
 - Level 9.1 Staves
 - Level 15.3 Armour
 + Level 13.2 Dodging
 - Level 13.1 Stealth
 + Level 19.2 Spellcasting
 + Level 20.0 Conjurations
 - Level 13.1 Summonings
 - Level 15.1 Necromancy
 - Level 3.1 Translocations
 - Level 1.1 Transmutations
 - Level 4.6 Fire Magic
 - Level 15.9 Ice Magic
 - Level 5.5 Air Magic
 - Level 13.1 Earth Magic
 + Level 12.1 Evocations


You had 2 spell levels left.
You knew the following spells:

 Your Spells              Type           Power      Damage    Failure   Level
a - Sandblast             Erth           100%       2d20      1%          1
b - Stone Arrow           Conj/Erth      100%       3d13      1%          3
c - Iron Shot             Conj/Erth      67%        9d12      1%          6
d - Arcjolt               Conj/Air       61%        1d71      1%          5
e - Kiss of Death         Conj/Necr      100%       2d13      1%          1
f - Simulacrum            Ice/Necr       54%        N/A       3%          6
g - Fireball              Conj/Fire      60%        3d23      1%          5
h - Passwall              Tmut/Erth      66%        N/A       2%          2
i - Lee's Rapid Deconstr  Erth           50%        3d24*     1%          5
j - Freezing Cloud        Conj/Ice/Air   63%        6-21      1%          5
k - Spellforged Servitor  Conj/Summ      67%        N/A       2%          7
l - Gell's Gravitas       Tloc           62%        N/A       8%          3
m - Borgnjor's Vile Clut  Necr/Erth      52%        N/A       2%          5
n - Lehudib's Crystal Sp  Conj/Erth      67%        10d15     10%         8

Your spell library contained the following spells:

 Spells                   Type           Power      Damage    Failure   Level
 Ignition                 Fire           34%        3d11      99%         8
 Foxfire                  Conj/Fire      100%       2x1d9     1%          1
 Freeze                   Ice            100%       1d10      1%          1
 Magic Dart               Conj           100%       1d8       1%          1
 Shock                    Conj/Air       100%       1d9       1%          1
 Summon Small Mammal      Summ           100%       N/A       1%          1
 Call Imp                 Summ           100%       N/A       1%          2
 Ensorcelled Hibernation  Hex/Ice        100%       N/A       1%          2
 Momentum Strike          Conj/Tloc      100%       3d10      1%          2
 Poisonous Vapours        Pois/Air       100%       N/A       1%          2
 Scorch                   Fire           100%       2d9       1%          2
 Searing Ray              Conj           100%       2d8       1%          2
 Static Discharge         Conj/Air       100%       2-7/arc   1%          2
 Apportation              Tloc           100%       N/A       4%          1
 Blink                    Tloc           100%       N/A       4%          2
 Sting                    Tmut/Pois      100%       1d8       8%          1
 Wereblood                Tmut           51%        N/A       8%          2
 Call Canine Familiar     Summ           100%       N/A       1%          3
 Dazzling Flash           Conj/Hex       100%       N/A       1%          3
 Frozen Ramparts          Ice            100%       1d16      1%          3
 Hailstorm                Conj/Ice       100%       3d20      1%          3
 Mephitic Cloud           Conj/Pois/Air  100%       N/A       1%          3
 Ozocubu's Armour         Ice            100%       N/A       1%          3
 Animate Armour           Summ/Erth      100%       N/A       1%          4
 Animate Dead             Necr           100%       N/A       1%          4
 Dispel Undead            Necr           100%       3d31      1%          4
 Flame Wave               Conj/Fire      100%       2d21      1%          4
 Fulminant Prism          Conj/Hex       56%        3d24      1%          4
 Summon Ice Beast         Ice/Summ       100%       N/A       1%          4
 Irradiate                Conj/Tmut      57%        3d30      1%          5
 Orb of Destruction       Conj           72%        9d17      1%          7
 Airstrike                Air            36%        2d(6-22)  2%          4
 Starburst                Conj/Fire      60%        6d16      2%          6
 Ozocubu's Refrigeration  Ice            54%        4d19      2%          7
 Ignite Poison            Fire/Tmut/Pois 55%        N/A       3%          3
 Summon Guardian Golem    Hex/Summ       78%        N/A       3%          3
 Summon Lightning Spire   Summ/Air       89%        N/A       3%          4
 Swiftness                Air            73%        N/A       4%          3
 Ice Form                 Ice/Tmut       86%        N/A       4%          4
 Death Channel            Necr           53%        N/A       4%          6
 Vhi's Electric Charge    Tloc/Air       100%       N/A       5%          3
 Anguish                  Hex/Necr       41%        N/A       5%          4
 Petrify                  Tmut/Erth      80%        N/A       5%          4
 Leda's Liquefaction      Hex/Erth       39%        N/A       7%          4
 Summon Cactus Giant      Summ           50%        N/A       7%          6
 Metabolic Englaciation   Hex/Ice        41%        N/A       9%          5
 Summon Forest            Summ/Tloc      42%        N/A       9%          5
 Spider Form              Tmut/Pois      46%        N/A       16%         3
 Manifold Assault         Tloc           62%        N/A       17%         4
 Confusing Touch          Hex            41%        N/A       19%         3
 Plasma Beam              Fire/Air       35%        2x1d53    21%         6
 Yara's Violent Unravell  Hex/Tmut       23%        3d10      22%         5
 Summon Hydra             Summ           50%        N/A       22%         7
 Cause Fear               Hex            20%        N/A       43%         4
 Borgnjor's Revivificati  Necr           53%        N/A       50%         8
 Blade Hands              Tmut           25%        N/A       58%         5
 Alistair's Intoxication  Tmut/Pois      30%        N/A       65%         5
 Eringya's Noxious Bog    Tmut/Pois      23%        N/A       67%         6
 Polar Vortex             Ice            54%        N/A       73%         9
 Malign Gateway           Summ/Tloc      42%        N/A       75%         7
 Summon Horrible Things   Summ           50%        N/A       75%         8
 Shatter                  Erth           50%        3d38*     96%         9
 Chain Lightning          Conj/Air       61%        3d82      97%         9
 Fire Storm               Conj/Fire      60%        8d15      98%         9
 Maxwell's Capacitive Co  Air            36%        ∞         99%         8
 Dragon Form              Tmut           25%        N/A       100%        7
 Enfeeble                 Hex            20%        N/A       100%        7
 Storm Form               Tmut/Air       31%        N/A       100%        7
 Death's Door             Necr           53%        N/A       100%        9
 Dragon's Call            Summ           50%        N/A       100%        9
 Sublimation of Blood     Necr           Unusable   N/A       N/A         2
 Cigotuvi's Dreadful Rot  Necr/Pois/Air  Unusable   N/A       N/A         2
 Statue Form              Tmut/Erth      Unusable   N/A       N/A         6

Dungeon Overview and Level Annotations

Branches:
Dungeon (15/15)            Temple (1/1) D:6            Lair (5/5) D:8
 Shoals (4/4) Lair:3        Snake (4/4) Lair:3        Slime (5/5) Lair:4
    Orc (2/2) D:9             Elf (3/3) Orc:2        Vaults (5/5) D:13
  Crypt (3/3) Vaults:2       Tomb (1/3) Crypt:3      Depths (4/4) D:15
   Hell (visited)             Dis (0/7) Hell            Geh (0/7) Hell
    Coc (0/7) Hell            Tar (0/7) Hell            Zot (5/5) Depths:4
  IceCv (visited)         Gauntlet (visited)

Altars:
Ashenzari
Cheibriados
Dithmenos
Elyvilon
Fedhas
Gozag
Hepliaklqana
Kikubaaqudgha
Makhleb
Nemelex Xobeh
Okawaru
Qazlal
Ru
Sif Muna
Trog
Uskayaw
Vehumet
Wu Jian
Xom
Yredelemnul
Zin
The Shining One

Shops:
D:5 ?[   D:7 [   D:10 *   Orc:1 *   Orc:2 =![!:   Elf:1 :((   Elf:3 ![**
Shoals:1 *   Shoals:2 *   Snake:1 ?   Snake:2 (   Snake:4 (!*[   Vaults:1 (
Vaults:2 ((   Vaults:5 ?!?   Depths:2 :   Depths:3 (**

Portals:
Hell: Depths:1 Depths:2 Depths:3 Depths:4
Abyss: Depths:2 Depths:3 Depths:4
Pandemonium: Orc:2 Depths:1 Depths:2
Ziggurat: Depths:3

Annotations:
Elf:1 1 runed translucent door, SlowGraham's ghost, veteran FoEE
Depths:3 2 transporters, exclusion: orange crystal statue


Innate Abilities, Weirdness & Mutations

You are immune to sickness and miasma.
Your stone body is resilient. (AC +20)
You are immune to poison.
Your large and strong wings let you fly.
You resist negative energy. (rN+)
You are resistant to electric shocks. (rElec)
You are resistant to unholy torment.
You are immune to petrification.
Your mind is acute. (Int +4, Str/Dex -1)
Armour fits poorly on your strangely shaped body.
You are highly strong-willed. (Will++)


Message History

You resist.
The zombie hands constrict Hirrefos!!
Hirrefos struggles to escape constriction.
The sixfirhy is engulfed in freezing vapours.
Unknown command.
Unknown command.
Casting: Iron Shot (mildly dangerous; 1% risk of failure)
Confirm with . or Enter, or press ? or * to list all spells.
Okay, then.
Casting: Iron Shot (mildly dangerous; 1% risk of failure)
Confirm with . or Enter, or press ? or * to list all spells.
Aiming: Iron Shot (mildly dangerous; 1% risk of failure)
Press: ? - help, Shift-Dir - straight line, f/p - Hirrefos
Aim: Hirrefos (severely wounded, surrounded by negative energy, constricted by zombie hands, 100% to hit)
You feel a surge of power!
The iron shot misses the sixfirhy.
The iron shot hits Hirrefos!!!
Hirrefos is almost dead.
Magical energy flows into your mind!
You are engulfed in freezing vapours.
You resist.
The zombie hands constrict Hirrefos!
You kill Hirrefos!
Vehumet accepts your kill.
You feel your power returning.
The sixfirhy is engulfed in freezing vapours. x7
Your Fighting skill increases to level 21!
Unknown command.
You feel a surge of power!
The iron shot hits the sixfirhy!!!
You kill the sixfirhy!
Vehumet accepts your kill.
You feel your power returning.
You are engulfed in freezing vapours.
You resist. The ice encasing you melts away.
You feel a surge of power!
The iron shot hits the ice devil!!!
You kill the ice devil!
Vehumet accepts your kill.
You feel your power returning.
You are engulfed in freezing vapours.
You resist.
You can't see any susceptible monsters within range! (Use Z to cast anyway.)
There is an open door here.
There is a staircase leading out of the dungeon here.
You can't go down here!
You have escaped!

#.####.# #.# #.# #.# #.# #####
##.####°#########...#
........°§§°........# ###########
.....°..°§§...###...###..........
...####.#####°.......##..........
#### #.# ########.............
#.# ##.@.##.#...^....... #.#
##...###.#........... ##### #.#
#...##>#.##.......... ....# #.#
##...#.~#.##........#. ....###.##
#...##.~#.##........#.
.........###...#.~~#.##........#.
.........##...##~≈≈#.##........#.
#.(.......'...'~≈≈≈#.##..........
#(.......##...##~≈≈#.##..........


There were no monsters in sight!

Vanquished Creatures
  the Royal Jelly (Slime:5)
  A dread lich (Zot:5)
  5 ancient liches
  An orb of fire (Zot:2)
  Mara (Shoals:4)
  A royal mummy (Tomb:1)
  Parghit (Zot:2)
  Bai Suzhen (Depths:1)
  Boris (Vaults:2)
  A Killer Klown (Zot:5)
  Saint Roka (Vaults:5)
  Xtahua (Crypt:2)
  3 curse toes
  Geryon (Hell)
  9 golden dragons
  A profane servitor (Crypt:3)
  A pandemonium lord (D:1)
  A hellephant (Depths:4)
  2 electric golems (Zot:5)
  Jorgrun (D:14)
  5 liches
  23 Orb Guardians
  14 tentacled monstrosities
  An Ice Fiend (D:1)
  10 quicksilver dragons
  Asterion (Elf:2)
  2 deep elf master archers (Elf:3)
  2 deep elf blademasters (Elf:3)
  15 acid blobs
  6 titans
  5 sphinxes
  14 ancient champions
  Gastronok (Lair:1)
  7 death cobs
  A kraken (Shoals:3)
  The ghost of popps the Warrior, an adept GrFi of Okawaru (Shoals:3)
  5 tengu reavers
  Agnes (Elf:1)
  11 shadow dragons
  2 rockslimes (Slime:5)
  15 storm dragons
  Ilsuiw (Shoals:3)
  3 revenants
  5 draconian knights
  5 draconian monks
  11 azure jellies
  8 fire giants
  4 nagarajas
  A rockslime (shapeshifter) (Vaults:5)
  6 frost giants
  2 iron dragons (Depths:1)
  4 balrugs
  10 vault wardens
  A frost giant (shapeshifter) (Vaults:5)
  A caustic shrike zombie (Crypt:3)
  7 draconian scorchers
  2 draconian shifters
  8 deep elf sorcerers
  4 ghost moths
  Aizul (Crypt:1)
  13 ghouls
  2 draconian stormcallers
  4 spectral caustic shrikes (Depths:2)
  2 deep elf elementalists (Elf:3)
  4 angels
  10 reapers
  15 very ugly things
  6 war gargoyles
  2 caustic shrike skeletons
  7 draconian annihilators
  A rockslime zombie (Crypt:3)
  2 demonspawn blood saints (D:9)
  5 quicksilver oozes
  19 ironbound preservers
  3 spriggan defenders (Depths:1)
  9 stone giants
  6 ironbound thunderhulks
  8 vampire knights
  8 deep elf demonologists
  8 green draconians
  8 black draconians
  A wendigo (Hell)
  3 yellow draconians
  A lorocyproca (Depths:1)
  4 deep elf annihilators
  A dire elephant (Vaults:2)
  Azrael (Orc:2)
  7 red draconians
  Snorg (Orc:1)
  A minotaur (Gauntlet)
  7 ettins
  8 purple draconians
  5 white draconians
  6 eidola
  3 green deaths
  4 deep elf death magi
  6 merfolk javelineers (Shoals:4)
  5 mummy priests
  2 deep elf high priests
  A fire dragon (Depths:2)
  5 merfolk impalers
  8 jiangshi
  A quicksilver dragon zombie (Crypt:3)
  15 yaktaur captains
  5 ice dragons
  21 vault guards
  Fannar (D:9)
  8 great orbs of eyes
  2 rakshasas (Depths:1)
  2 spriggan air magi
  2 peacekeepers
  A salamander tyrant (Snake:3)
  A spriggan skeleton (Crypt:3)
  6 centaur warriors
  7 ironbound frosthearts
  3 ogre magi (Vaults:5)
  4 hydras
  3 demonspawn (Orc:2)
  A death knight (Crypt:1)
  A caustic shrike simulacrum (Crypt:3)
  7 boulder beetles
  2 deep troll shamans (Depths:1)
  7 anacondas
  23 dancing weapons
  3 satyrs
  4 merfolk avatars
  2 merfolk aquamancers
  3 deep troll earth magi
  11 naga warriors
  An azure jelly zombie (Crypt:2)
  9 two-headed ogres
  6 orc high priests
  4 death yaks (Lair:4)
  Urug (Lair:1)
  2 tengu warriors
  6 vampire magi
  A bennu skeleton (Crypt:3)
  13 naga sharpshooters
  7 shock serpents
  11 hell knights (Hell)
  12 hell hogs
  3 soul eaters
  4 spriggan berserkers
  A wretched star (Gauntlet)
  15 deep elf knights
  6 sun demons
  The ghost of pigah the Zephyrmancer, a novice OpAE (D:8)
  4 iron trolls
  2 sixfirhies
  5 large abominations
  A spark wasp zombie (Depths:1)
  A salamander mystic (Snake:4)
  3 shadow wraiths
  15 skeletal warriors
  5 skysharks
  A storm dragon skeleton (Hell)
  A sea snake (shapeshifter) (Depths:1)
  3 flayed ghosts
  A golden dragon zombie (Depths:1)
  An iron giant zombie (Crypt:2)
  4 glowing orange brains
  An anaconda zombie (Crypt:3)
  5 sea snakes
  5 naga ritualists
  30 deep trolls
  10 phantasmal warriors
  8 lindwurms
  5 bog bodies
  6 harpies
  18 ironbound convokers
  8 orc knights
  32 deep elf pyromancers
  10 wizards
  A shadow dragon zombie (Hell)
  6 deep elf archers
  11 necromancers
  A wolf spider zombie (Crypt:3)
  23 deep elf zephyrmancers
  9 mana vipers
  10 orc sorcerers
  A shining eye (shapeshifter) (Vaults:5)
  4 cyclopes
  32 ugly things
  15 fauns
  18 salamanders
  An oklob plant (Gauntlet)
  A manticore (shapeshifter) (Elf:1)
  A shadow dragon skeleton (Depths:1)
  6 shining eyes
  9 rust devils
  2 tengu skeletons
  23 moths of wrath
  An iron dragon zombie (Crypt:3)
  8 manticores
  43 black mambas
  An iron dragon skeleton (Hell)
  3 guardian serpents (Snake:2)
  2 dire elephant zombies
  13 elephants
  3 smoke demons (Hell)
  A black mamba (shapeshifter) (Vaults:5)
  17 naga magi
  5 merfolk sirens
  4 eyes of devastation
  A torpor snail (Lair:4)
  2 ice statues (IceCv)
  9 water nymphs
  A stone giant skeleton (Hell)
  4 molten gargoyles (Hell)
  A fire giant skeleton (Depths:2)
  2 centaur zombies
  A centaur skeleton (D:15)
  16 cane toads
  2 gargoyles
  A storm dragon simulacrum (Hell)
  13 vault sentinels
  2 dire elephant skeletons
  Maggie (Lair:1)
  5 unseen horrors
  A minotaur zombie (Gauntlet)
  A hellion (Hell)
  2 bunyip simulacra
  2 rime drakes
  2 efreet
  21 yaktaurs
  9 freezing wraiths
  A demonic crawler (Depths:1)
  A tormentor (Hell)
  2 tengu conjurers
  8 komodo dragons
  2 ice devils
  16 guardian mummies
  A harpy zombie (D:15)
  15 merfolk
  A tengu simulacrum (Depths:1)
  8 trolls
  5 wind drakes
  18 blink frogs
  A polar bear (Lair:3)
  3 hornets
  2 hellwings
  Prince Ribbit (Lair:1)
  2 dream sheep (Shoals:1)
  A hydra skeleton (Crypt:2)
  A harpy skeleton (Crypt:1)
  2 blink frogs (shapeshifter)
  7 snapping turtles
  A sphinx simulacrum (Depths:2)
  A jumping spider zombie (Crypt:1)
  10 flying skulls
  3 centaur simulacra (Hell)
  13 water elementals
  3 spriggans (Depths:3)
  5 wyverns
  A spriggan (shapeshifter) (Depths:3)
  Sigmund (D:2)
  6 shadows
  55 slime creatures
  A naga simulacrum (Hell)
  5 wraiths
  3 vampires (Vaults:2)
  4 air elementals (Elf:1)
  37 yaks
  11 fire elementals
  3 basilisks
  9 ushabtiu
  9 vampire mosquitoes
  A warg (Orc:2)
  Menkaure (D:4)
  A redback (Vaults:4)
  40 nagas
  A glowing shapeshifter zombie (Crypt:2)
  An acid dragon (shapeshifter) (Vaults:2)
  2 acid dragons
  6 water moccasins
  9 hell hounds
  A glowing shapeshifter skeleton (Crypt:2)
  Duvessa (D:6)
  2 floating eyes
  3 sky beasts
  A swamp drake (Lair:3)
  A naga skeleton (Crypt:1)
  A floating eye (shapeshifter) (Vaults:5)
  A deep troll skeleton (Crypt:1)
  3 ice beasts
  43 orc warriors
  11 ogres
  4 black bears
  An ettin simulacrum (Hell)
  A manticore skeleton (Crypt:1)
  5 wolves (Lair:1)
  6 centaurs
  A dream sheep skeleton (Crypt:3)
  The ghost of superbruh the Grave Robber, an amateur DsNe (D:4)
  A phantom (D:5)
  A kobold brigand (D:6)
  A rime drake skeleton (Crypt:2)
  A vine stalker zombie (Crypt:3)
  2 scorpions
  8 bullfrogs
  A cane toad simulacrum (IceCv)
  2 glowing shapeshifter simulacra (Depths:3)
  5 necrophages
  A komodo dragon skeleton (Crypt:1)
  A warg zombie (Crypt:1)
  A shapeshifter zombie (Crypt:2)
  Dowan (D:6)
  9 small abominations
  A warg skeleton (Crypt:1)
  A spriggan zombie (Crypt:1)
  17 killer bees
  2 electric eels
  8 howler monkeys
  4 lava snakes (Lair:3)
  A basilisk zombie (Crypt:1)
  3 hounds
  8 jellies
  23 orc priests
  A gnoll bouda (D:8)
  Crazy Yiuf (D:6)
  A sleepcap (D:7)
  32 orc wizards
  Natasha (twice) (D:4)
  A basilisk skeleton (Crypt:2)
  2 iguanas
  A scorpion zombie (Crypt:3)
  2 wolf simulacra (IceCv)
  A polar bear simulacrum (IceCv)
  17 mummies (Tomb:1)
  6 gnolls
  10 adders
  2 ufetubi
  A worm (D:2)
  2 dart slugs
  93 orcs
  7 endoplasms
  3 giant cockroaches
  9 goblins
  5 hobgoblins
  11 jackals
  9 kobolds
  A quokka (D:2)
  2 ball pythons
  6 bats
  2 frilled lizards
  6 rats
  2 tentacles (Shoals:3)
2060 creatures vanquished.

Vanquished Creatures (collateral kills)
  A seraph (D:10)
  3 orbs of fire (Zot:5)
  An ancient lich (Vaults:5)
  Boris (twice) (Vaults:4 Vaults:5)
  A Killer Klown (Zot:5)
  the Enchantress (Depths:1)
  A bone dragon (Crypt:3)
  An electric golem (Zot:2)
  2 tentacled monstrosities (Zot:5)
  A hellephant (Depths:4)
  A walking crystal tome (Depths:2)
  A quicksilver dragon (Zot:2)
  6 Orb Guardians (Zot:5)
  A titan (Vaults:5)
  2 death cobs
  3 shadow dragons
  4 sphinxes
  2 tengu reavers (Vaults:5)
  Donald (Vaults:1)
  3 storm dragons
  An azure jelly (Slime:5)
  A draconian knight (Zot:1)
  2 rockslimes (Slime:5)
  2 draconian monks
  2 deep elf sorcerers (Elf:3)
  3 frost giants
  A vault warden (Vaults:3)
  4 fire giants
  A balrug (Depths:1)
  A ghost moth (Zot:5)
  3 draconian shifters
  2 orc warlords
  A draconian scorcher (Zot:5)
  2 deep elf elementalists (Elf:3)
  2 draconian annihilators
  4 ironbound preservers
  3 ghouls (Crypt:2)
  A quicksilver ooze (Slime:5)
  17 very ugly things
  7 stone giants
  A spriggan defender (Depths:3)
  2 vampire knights
  3 green draconians
  3 black draconians
  3 ironbound thunderhulks
  2 purple draconians
  2 deep elf demonologists
  2 deep elf annihilators (Elf:3)
  5 yellow draconians
  2 red draconians (Depths:4)
  3 white draconians
  An iron golem (Depths:1)
  A deep elf death mage (Vaults:5)
  An ettin (Depths:2)
  A merfolk javelineer (Shoals:4)
  3 mummy priests (Tomb:1)
  2 deep elf high priests
  An entropy weaver (Vaults:4)
  An ice dragon (Depths:4)
  6 jiangshi
  4 fire dragons
  3 rakshasas
  A yaktaur captain (Vaults:4)
  4 vault guards (Vaults:5)
  4 spriggan air magi
  3 centaur warriors
  A merfolk avatar (Shoals:3)
  3 ironbound frosthearts
  2 boulder beetles (Vaults:1)
  A merfolk aquamancer (Shoals:4)
  A naga warrior (Snake:4)
  2 two-headed ogres (Vaults:5)
  2 deep troll shamans
  A deep troll earth mage (Depths:2)
  2 spriggan berserkers (Depths:3)
  5 hell hogs (Depths:4)
  3 hell knights
  A sun demon (Depths:1)
  A skyshark (Shoals:3)
  3 soul eaters
  A sixfirhy (D:1)
  3 iron trolls
  A shadow wraith (Crypt:3)
  4 skeletal warriors
  3 sea snakes
  2 deep elf archers
  4 ironbound convokers
  A spriggan simulacrum (Crypt:1)
  2 lindwurms (Vaults:2)
  8 slime creatures
  16 deep trolls
  2 wizards
  A phantasmal warrior (Depths:3)
  3 deep elf zephyrmancers
  4 harpies
  A necromancer (Vaults:5)
  13 ugly things
  3 fauns
  A wolf spider zombie (Crypt:1)
  5 deep elf pyromancers
  A shining eye (Slime:5)
  4 manticores
  5 moths of wrath
  3 water nymphs
  2 merfolk sirens (Shoals:3)
  2 vault sentinels (Vaults:1)
  A smoke demon (Depths:1)
  2 yaktaurs (Vaults:4)
  A tengu conjurer (Depths:3)
  An iron troll zombie (Crypt:1)
  5 guardian mummies
  A harpy zombie (Tomb:1)
  6 merfolk
  A wind drake (Shoals:3)
  2 hornets (Depths:3)
  A satyr zombie (Crypt:2)
  2 snapping turtles
  A culicivora zombie (Crypt:2)
  5 flying skulls
  A spriggan (Depths:3)
  A wraith (Crypt:1)
  4 ushabtiu (Tomb:1)
  2 water elementals (Shoals:3)
  A fire elemental (Elf:2)
  2 orc warriors (Vaults:5)
  2 necrophages (Crypt:2)
  A wolf zombie (Crypt:3)
  A black bear skeleton (Crypt:3)
  7 mummies (Tomb:1)
336 creatures vanquished.

Vanquished Creatures (others)
  A tentacled monstrosity (D:1)
  A draconian scorcher (Zot:1)
  A white draconian (Zot:4)
  A caustic shrike simulacrum (Hell)
  A deep elf archer (Elf:2)
  A merfolk siren (Shoals:3)
  A tormentor (D:9)
  A water elemental (Elf:2)
  6 tentacles (Shoals:3)
14 creatures vanquished.

Grand Total: 2410 creatures vanquished

Notes
Turn   | Place    | Note
-------+----------+-------------------------------------------
     0 | D:1      | hikkokomori the Gargoyle Earth Elementalist began the quest
                  | for the Orb.
     0 | D:1      | Reached XP level 1. HP: 10/10 MP: 3/3
   147 | D:1      | Reached skill level 1 in Transmutations
   147 | D:1      | Reached XP level 2. HP: 8/15 MP: 0/5
   734 | D:2      | Noticed Sigmund
   736 | D:2      | Gained mutation: You possess an exceptional clarity of
                  | mind. [potion of mutation]
   736 | D:2      | Gained mutation: You have a pair of small antennae on your
                  | head. [potion of mutation]
   751 | D:2      | Killed Sigmund
   752 | D:2      | Reached skill level 2 in Fighting
   752 | D:2      | Reached XP level 3. HP: 17/21 MP: 2/7
   752 | D:2      | Reached XP level 4. HP: 21/26 MP: 2/8
   752 | D:2      | Reached XP level 5. HP: 24/30 MP: 2/9
  1973 | D:3      | Found an ornate altar of the Wu Jian Council.
  2075 | D:3      | Reached XP level 6. HP: 36/36 MP: 8/10
  2081 | D:3      | Reached skill level 5 in Earth Magic
  2085 | D:3      | Learned a level 3 spell: Stone Arrow
  2537 | D:4      | Noticed a water moccasin
  2546 | D:4      | Killed a water moccasin
  2547 | D:4      | Reached skill level 3 in Fighting
  2547 | D:4      | Reached skill level 1 in Conjurations
  2690 | D:4      | Found a large runed translucent door.
  2691 | D:4      | Found a large runed translucent door.
  2711 | D:4      | Noticed superbruh's ghost (amateur DsNe)
  2724 | D:4      | Noticed Menkaure
  2729 | D:4      | Killed Menkaure
  2730 | D:4      | Reached XP level 7. HP: 41/41 MP: 6/12
  2866 | D:4      | Found a shimmering blue altar of Sif Muna.
  2867 | D:4      | Found a hazy altar of Hepliaklqana.
  2867 | D:4      | Found a shimmering altar of Xom.
  2872 | D:4      | Found a sacrificial altar of Ru.
  2932 | D:4      | Noticed Natasha
  2938 | D:4      | Killed Natasha
  2971 | D:4      | Reached skill level 5 in Stealth
  3297 | D:4      | Reached skill level 4 in Fighting
  3297 | D:4      | Reached XP level 8. HP: 30/48 MP: 12/14
  3517 | D:4      | Noticed Natasha
  3527 | D:4      | Killed superbruh's ghost
  3566 | D:5      | Entered Level 5 of the Dungeon
  3566 | D:5      | Found Zanyiv's Magic Scroll Shop.
  3569 | D:5      | Bought a scroll of identify for 28 gold pieces
  3569 | D:5      | Bought a scroll of teleportation for 42 gold pieces
  3819 | D:5      | Reached skill level 5 in Fighting
  3901 | D:5      | Reached skill level 5 in Spellcasting
  3901 | D:5      | Reached XP level 9. HP: 54/54 MP: 10/16
  4028 | D:5      | Identified the +4 falchion "Solon" {drain, rCorr Str-5
                  | Dex+5}
  4245 | D:5      | Found Kaseutey's Armour Emporium.
  4410 | D:6      | Found a staircase to the Ecumenical Temple.
  4422 | Temple   | Entered the Ecumenical Temple
  4547 | Temple   | Learned a level 3 spell: Vhi's Electric Charge
  4553 | Temple   | Learned a level 5 spell: Arcjolt
  4553 | Temple   | Became a worshipper of Vehumet
  4621 | D:6      | Identified the +1 dagger of Okawaru's Grace {speed, rF++
                  | rC+ Str-3 Int-2}
  4708 | D:6      | Reached skill level 5 in Conjurations
  4848 | D:6      | Noticed Duvessa
  4851 | D:6      | Noticed Dowan
  4853 | D:6      | Killed Duvessa
  4855 | D:6      | Killed Dowan
  4906 | D:6      | Reached skill level 6 in Fighting
  4920 | D:6      | Found a runed translucent door.
  4921 | D:6      | Noticed Crazy Yiuf
  4992 | D:6      | Killed Crazy Yiuf
  5041 | D:7      | Found a shadowy altar of Dithmenos.
  5197 | D:7      | Found Fileac's Armour Emporium.
  5345 | D:7      | Identified the +3 buckler of Maoxot {Contam Int+5}
  5370 | D:7      | Reached * piety under Vehumet
  5370 | D:7      | Offered knowledge of Shock by Vehumet.
  5371 | D:7      | Reached skill level 1 in Evocations
  5492 | D:7      | Found a glowing silver altar of Zin.
  5572 | D:8      | Found a staircase to the Lair.
  5572 | D:8      | Noticed an elephant
  5587 | D:8      | Killed an elephant
  5588 | D:8      | Reached XP level 10. HP: 57/61 MP: 3/19
  5884 | D:8      | Noticed a red ugly thing
  5890 | D:8      | Killed a red ugly thing
  6090 | D:8      | Offered knowledge of Kiss of Death by Vehumet.
  6102 | D:8      | Reached ** piety under Vehumet
  6105 | D:8      | Learned a level 1 spell: Kiss of Death
  6189 | D:8      | Found a large runed translucent door.
  6190 | D:8      | Found a large runed translucent door.
  6192 | D:8      | Noticed pigah's ghost (novice OpAE)
  6584 | Lair:1   | Entered Level 1 of the Lair of Beasts
  6591 | Lair:1   | Reached skill level 7 in Fighting
  6679 | Lair:1   | Noticed a cane toad
  6686 | Lair:1   | Killed a cane toad
  6687 | Lair:1   | Reached skill level 1 in Necromancy
  6774 | Lair:1   | Noticed a cane toad
  6781 | Lair:1   | Killed a cane toad
  6855 | Lair:1   | Noticed an elephant
  6855 | Lair:1   | Noticed an elephant
  6856 | Lair:1   | Noticed an elephant
  7035 | Lair:1   | Noticed an elephant
  7037 | Lair:1   | Noticed an elephant
  7038 | Lair:1   | Noticed an elephant
  7039 | Lair:1   | Noticed an elephant
  7041 | Lair:1   | Noticed an elephant
  7056 | Lair:1   | Killed an elephant
  7061 | Lair:1   | Killed an elephant
  7062 | Lair:1   | Reached skill level 1 in Air Magic
  7062 | Lair:1   | Reached XP level 11. HP: 57/67 MP: 4/21
  7074 | Lair:1   | Noticed Maggie
  7543 | D:9      | Reached skill level 1 in Staves
  8043 | D:9      | Reached skill level 8 in Fighting
  8290 | D:9      | Offered knowledge of Dazzling Flash by Vehumet.
  8302 | D:9      | Learned a level 6 spell: Simulacrum
  8333 | D:9      | Found a staircase to the Orcish Mines.
  8522 | D:9      | Noticed a cyclops
  8530 | D:9      | Killed a cyclops
  8531 | D:9      | Reached skill level 1 in Ice Magic
  8866 | D:10     | Entered Level 10 of the Dungeon
  8885 | D:10     | Reached *** piety under Vehumet
  9271 | D:10     | Found Hacadich's General Store.
  9274 | D:10     | Bought a lightning rod (4/4) for 450 gold pieces
  9568 | D:10     | Offered knowledge of Flame Wave by Vehumet.
  9816 | D:11     | Identified a scroll of acquirement
  9826 | D:11     | Acquired the ring of Juacrass {Contam rPois rF+ rC++ Dex+6}
 10029 | D:11     | Noticed a two-headed ogre
 10033 | D:11     | Killed a two-headed ogre
 10232 | D:11     | Reached XP level 12. HP: 73/73 MP: 19/22
 10308 | D:11     | Reached skill level 5 in Evocations
 10407 | D:11     | Found a blossoming altar of Fedhas.
 10723 | Lair:1   | Found an ornate altar of the Wu Jian Council.
 10723 | Lair:1   | Found a hide-covered altar of Uskayaw.
 10723 | Lair:1   | Noticed a boulder beetle
 10733 | Lair:1   | Killed a boulder beetle
 10733 | Lair:1   | Reached **** piety under Vehumet
 10939 | Lair:1   | Noticed Gastronok
 10963 | Lair:1   | Killed Gastronok
 10996 | Lair:1   | Noticed Prince Ribbit
 11001 | Lair:1   | Offered knowledge of Sticky Flame by Vehumet.
 11006 | Lair:1   | Killed Prince Ribbit
 11007 | Lair:1   | Noticed Urug
 11139 | Lair:1   | Killed Urug
 11180 | Lair:1   | Killed Maggie
 11350 | Lair:1   | Reached skill level 5 in Necromancy
 11532 | Lair:2   | Reached skill level 5 in Air Magic
 11620 | Lair:2   | Reached skill level 5 in Dodging
 11805 | Lair:2   | You fall into a shaft and drop 1 floor!
 11866 | Lair:3   | Reached XP level 13. HP: 78/78 MP: 19/23
 11870 | Lair:3   | Identified the +5 ring mail of the Dice {rF+}
 11895 | Lair:3   | Found a staircase to the Shoals.
 11895 | Lair:3   | Identified the +3 ring mail "Buistrot" {*Corrode +Blink
                  | Str+4}
 11909 | Lair:3   | Reached skill level 1 in Armour
 11926 | Lair:3   | Reached ***** piety under Vehumet
 12020 | Lair:3   | Reached skill level 1 in Translocations
 12128 | Lair:3   | Found a staircase to the Snake Pit.
 12180 | Lair:3   | Offered knowledge of Spellforged Servitor by Vehumet.
 13593 | Lair:4   | Learned a level 7 spell: Spellforged Servitor
 13794 | Lair:4   | Found the +8 Wrath of Trog {antimagic, *Rage Rampage}
 13803 | Lair:4   | Reached skill level 5 in Ice Magic
 14276 | Lair:4   | Found a staircase to the Slime Pits.
 14612 | Lair:5   | Entered Level 5 of the Lair of Beasts
 14626 | Lair:5   | Gained mutation: Your large and strong wings let you fly.
                  | [Gargoyle growth]
 14626 | Lair:5   | Reached XP level 14. HP: 73/84 MP: 25/25
 15040 | D:12     | Reached skill level 5 in Armour
 15232 | D:12     | Learned a level 5 spell: Fireball
 15235 | D:12     | Learned a level 2 spell: Passwall
 15278 | D:11     | Reached skill level 9 in Fighting
 15384 | D:12     | Reached skill level 1 in Fire Magic
 15839 | D:13     | Found a gate leading to a gauntlet.
 15974 | D:13     | Found a gate to the Vaults.
 15995 | Gauntlet | Entered a Gauntlet
 15995 | Gauntlet | Found a transporter.
 16003 | Gauntlet | Found a runed translucent gate.
 16003 | Gauntlet | Found a runed translucent gate.
 16003 | Gauntlet | Found a runed translucent gate.
 16005 | Gauntlet | Found a transporter.
 16008 | Gauntlet | Found a transporter.
 16009 | Gauntlet | Found a transporter.
 16020 | Gauntlet | Found a transporter.
 16021 | Gauntlet | Found a transporter.
 16022 | Gauntlet | Found a transporter.
 16029 | Gauntlet | Found a transporter.
 16032 | Gauntlet | Found a transporter.
 16033 | Gauntlet | Found a transporter.
 16041 | Gauntlet | Found a transporter.
 16044 | Gauntlet | Found a transporter.
 16045 | Gauntlet | Found a transporter.
 16067 | Gauntlet | Noticed a balrug
 16074 | Gauntlet | Found a transporter.
 16229 | Gauntlet | Identified the amulet of Syndicalism {Faith Regen+}
 16308 | Gauntlet | Killed a balrug
 16328 | Gauntlet | Identified the +6 trident "ETAOIN SHRDLU" {freeze, Dex+4}
 16328 | Gauntlet | Identified the +7 sling "Igroot" {freeze, rN+ Int+4}
 17437 | D:14     | Noticed Jorgrun
 17749 | D:14     | Reached skill level 10 in Fighting
 17749 | D:14     | Reached skill level 10 in Conjurations
 18169 | D:14     | Killed Jorgrun
 18170 | D:14     | Reached XP level 15. HP: 51/92 MP: 2/27
 18465 | D:14     | Found a sparkling altar of Nemelex Xobeh.
 18748 | Orc:1    | Entered Level 1 of the Orcish Mines
 18748 | Orc:1    | Noticed Fannar
 18748 | Orc:1    | Found Guiniuv's General Store.
 18753 | Orc:1    | Noticed an orc warlord
 18762 | D:9      | Killed Fannar
 18986 | Orc:1    | Found a frozen archway.
 19028 | IceCv    | Entered an ice cave
 19029 | IceCv    | Offered knowledge of Lee's Rapid Deconstruction by Vehumet.
 19043 | IceCv    | Learned a level 5 spell: Lee's Rapid Deconstruction
 19047 | IceCv    | Found a transporter.
 19063 | IceCv    | Found a transporter.
 19256 | Orc:1    | an orc warlord changed into a five-headed hydra
 19883 | Orc:1    | Noticed Snorg
 19893 | Orc:1    | Killed Snorg
 20343 | Orc:2    | Entered Level 2 of the Orcish Mines
 20434 | Orc:2    | Found Resuxuw's Self-Improvement Boutique.
 20557 | Orc:2    | Found a staircase to the Elven Halls.
 21034 | Orc:2    | Noticed Azrael
 21044 | Orc:2    | Killed Azrael
 21194 | Orc:2    | Reached ****** piety under Vehumet
 21207 | Orc:2    | Offered knowledge of Conjure Ball Lightning by Vehumet.
 21218 | Orc:2    | Found Kalup's Distillery.
 21268 | Orc:2    | Found Ziuh's Distillery.
 21364 | Orc:2    | Reached skill level 10 in Earth Magic
 21367 | Orc:2    | Reached skill level 11 in Fighting
 21447 | Orc:2    | Paralysed by an orc sorcerer for 2 turns
 21603 | Orc:2    | Found Somoseth's Antique Armour Shoppe.
 21603 | Orc:2    | Found Umoopas's Jewellery Emporium.
 21603 | Orc:2    | Found a one-way gate leading to the halls of Pandemonium.
 21690 | Orc:2    | Bought a pair of shimmering boots for 313 gold pieces
 21690 | Orc:2    | Identified the +5 pair of boots of the Gardener {*Slow
                  | rElec Slay+3} (You bought it in a shop on level 2 of the
                  | Orcish Mines)
 21823 | Orc:2    | Bought a manual of Necromancy for 1040 gold pieces
 22240 | D:15     | Entered Level 15 of the Dungeon
 22525 | D:15     | Found a staircase to the Depths.
 22841 | D:15     | Reached XP level 16. HP: 75/100 MP: 14/29
 23263 | Snake:1  | Entered Level 1 of the Snake Pit
 23338 | Snake:1  | Reached skill level 10 in Spellcasting
 24348 | Snake:1  | Found Xenikk's Magic Scroll Shoppe.
 24388 | Snake:2  | Offered knowledge of Ozocubu's Refrigeration by Vehumet.
 24490 | Snake:2  | Found Uduczydi's Antique Weapon Boutique.
 24513 | Snake:2  | Reached skill level 10 in Stealth
 24595 | Snake:2  | Noticed a nagaraja
 24612 | Snake:2  | Killed a nagaraja
 25239 | Snake:2  | Found a transporter.
 25364 | Snake:2  | Found a transporter.
 25509 | Snake:2  | Reached skill level 5 in Staves
 25581 | Snake:2  | Identified the +0 helmet of the Evening {Int+7}
 25886 | Snake:3  | Learned a level 7 spell: Ozocubu's Refrigeration
 25895 | Snake:3  | Learned a level 7 spell: Spellforged Servitor
 26143 | Snake:3  | Reached skill level 1 in Summonings
 26511 | Snake:3  | Reached XP level 17. HP: 97/104 MP: 10/31
 26822 | Snake:3  | Offered knowledge of Iron Shot by Vehumet.
 26837 | Snake:3  | Learned a level 6 spell: Iron Shot
 27104 | Snake:4  | Entered Level 4 of the Snake Pit
 27614 | Snake:4  | Found Leanipp's Weapon Shoppe.
 27616 | Snake:4  | Found Ylanuge's Distillery.
 27630 | Snake:4  | Found Ohiyg's General Store.
 27632 | Snake:4  | Bought a potion of ambrosia for 168 gold pieces
 27635 | Snake:4  | Found Vuduul's Armour Shoppe.
 27660 | Snake:4  | Reached skill level 12 in Fighting
 27800 | Snake:4  | Reached skill level 10 in Necromancy
 28041 | Snake:4  | Reached skill level 10 in Ice Magic
 28434 | Snake:4  | Got a serpentine rune of Zot
 28692 | Shoals:1 | Entered Level 1 of the Shoals
 29913 | Shoals:1 | Found Oraighaxt's Gadget Gallery.
 30294 | Shoals:2 | Acquired 805 gold pieces
 30320 | Shoals:2 | Offered knowledge of Orb of Destruction by Vehumet.
 30326 | Shoals:2 | Reached skill level 13 in Fighting
 30750 | Shoals:2 | Reached XP level 18. HP: 110/114 MP: 5/33
 31037 | Shoals:2 | Found Kaohea's CLEARANCE SALE!.
 31628 | Shoals:3 | Noticed Ilsuiw
 31635 | Shoals:3 | Killed Ilsuiw
 32676 | Shoals:3 | Found a runed translucent door.
 32676 | Shoals:3 | Noticed popps's ghost (adept GrFi)
 32983 | Shoals:3 | Upgraded the game from 0.30.0-15-g856e2d3f33 to
                  | 0.30.0-16-gbe6223bb7e
 33013 | Shoals:4 | Entered Level 4 of the Shoals
 33328 | Shoals:4 | Noticed Mara
 33334 | Shoals:4 | Killed Mara
 33549 | Shoals:4 | Learned a level 7 spell: Orb of Destruction
 33574 | Shoals:4 | Got Robe's Anthology of Reconstruction
 34009 | Shoals:4 | Got a barnacled rune of Zot
 34820 | Elf:1    | Entered Level 1 of the Elven Halls
 34854 | Elf:1    | Found Goddit's Antique Weapon Shoppe.
 34897 | Elf:1    | Found a runed translucent door.
 34898 | Elf:1    | Noticed SlowGraham's ghost (veteran FoEE)
 34973 | Elf:1    | Got the Disquisition on Striking
 35043 | Elf:1    | Noticed Agnes
 35047 | Elf:1    | Killed Agnes
 35119 | Elf:1    | Reached skill level 14 in Fighting
 35136 | Elf:1    | Paralysed by an air elemental for 1 turns
 35274 | Elf:1    | Found Kefa's Book Emporium.
 35285 | Elf:1    | Found Zahuc's Weapon Shoppe.
 35815 | Elf:2    | Paralysed by an air elemental for 1 turns
 36086 | Elf:2    | Reached XP level 19. HP: 107/121 MP: 3/35
 36731 | Elf:2    | Found a runed translucent gate.
 36731 | Elf:2    | Found a runed translucent gate.
 36736 | Elf:2    | Found a runed translucent gate.
 36801 | Elf:2    | Offered knowledge of Lehudib's Crystal Spear by Vehumet.
 36820 | Elf:2    | Learned a level 8 spell: Lehudib's Crystal Spear
 36827 | Elf:2    | Learned a level 5 spell: Freezing Cloud
 36877 | Elf:2    | Reached skill level 5 in Summonings
 36993 | Elf:2    | Noticed Asterion
 37024 | Elf:2    | Killed Asterion
 37835 | Elf:3    | Entered Level 3 of the Elven Halls
 37846 | Elf:3    | Upgraded the game from 0.30.0-16-gbe6223bb7e to
                  | 0.30.0-17-ge0270778cf
 38232 | Elf:3    | Found a radiant altar of Vehumet.
 38301 | Elf:3    | Found Weige's Armour Emporium.
 38345 | Elf:3    | Found Guzxacrefoa's Distillery.
 38401 | Elf:3    | Found Bogieliw's General Store.
 38718 | Elf:3    | Found Huisomy's General Store.
 38728 | Elf:3    | Bought the +0 robe "Quopriuva" {Drain Regen+ Dex+3
                  | Archmagi} for 425 gold pieces
 38970 | Elf:3    | Identified the +2 leather armour "Riwkix" {Str+2}
 38970 | Elf:3    | Identified the ring "Falajo" {rPois EV+5}
 38974 | Elf:3    | Reached skill level 15 in Fighting
 39192 | Elf:3    | Identified the ring of the Raven {Wiz Int+5}
 39213 | Elf:3    | Identified the +6 hand axe of Uraupp {vamp, rElec rF+ Int+6
                  | Dex-4}
 39214 | Elf:3    | Noticed a Brimstone Fiend
 39249 | Elf:3    | Reached XP level 20. HP: 123/129 MP: 13/37
 39447 | Elf:3    | Identified the +6 scale mail of Dyspraxia {+Blink rC+}
 39563 | Elf:3    | Identified the +7 sling "Ihiace" {heavy, Str+3 Stlth+}
 39570 | Elf:3    | Identified the +0 pair of boots of Surprise {Harm rCorr
                  | Str-3 Stlth+}
 39573 | Elf:3    | Identified the +1 quick blade "Pieh" {drain, rF+}
 39577 | Elf:3    | Identified the staff of poison "Meyh" {rPois rC+ Str+6}
 39901 | Vaults:1 | Entered Level 1 of the Vaults
 39972 | Vaults:1 | Offered knowledge of Ignition by Vehumet.
 40190 | Vaults:1 | Found Zalerit's Antique Weapon Emporium.
 40419 | Vaults:1 | Noticed Donald
 41031 | Vaults:1 | Killed Donald
 41392 | Vaults:2 | Found Hahecite's Antique Weapon Emporium.
 41432 | Vaults:2 | Learned a level 7 spell: Spellforged Servitor
 41684 | Vaults:2 | Noticed Boris
 42074 | Snake:4  | Bought the +11 storm dragon scales "Irromuh" {rElec Will+
                  | Str+4 Int+5} for 1979 gold pieces
 42484 | Depths:1 | Entered Level 1 of the Depths
 42487 | Depths:1 | Noticed Bai Suzhen
 42498 | Depths:1 | Killed Bai Suzhen
 42593 | Depths:1 | Found a shadowy altar of Dithmenos.
 42813 | Depths:1 | Found a snail-covered altar of Cheibriados.
 43035 | Depths:1 | Noticed the Enchantress
 43058 | Depths:1 | Killed the Enchantress
 43060 | Depths:1 | Reached XP level 21. HP: 121/134 MP: 4/39
 43117 | Depths:1 | Found a gateway to Hell.
 43674 | Depths:2 | Found a one-way gate to the infinite horrors of the Abyss.
 43845 | Depths:2 | Found Gemilasask's Book Emporium.
 44103 | Depths:2 | Found a portal to a secret trove of treasure.
 44369 | Depths:2 | Reached skill level 15 in Conjurations
 44842 | Depths:3 | Reached skill level 15 in Spellcasting
 44901 | Depths:3 | Noticed a golden dragon
 44906 | Depths:3 | Killed a golden dragon
 44992 | Depths:3 | Found a one-way gateway to a ziggurat.
 45180 | Depths:3 | Found Jumim's General Store.
 45184 | Depths:3 | Found Wutosm's General Store.
 45215 | Depths:3 | Found Boyps's Weapon Shop.
 45283 | Depths:3 | Found a transporter.
 45302 | Depths:3 | Found a transporter.
 45694 | Depths:4 | Entered Level 4 of the Depths
 45800 | Depths:4 | Reached XP level 22. HP: 102/140 MP: 25/41
 45802 | Depths:4 | Reached skill level 10 in Armour
 45960 | Depths:4 | Found a gate to the Realm of Zot.
 45960 | Depths:4 | Noticed a golden dragon
 45968 | Depths:4 | Killed a golden dragon
 46074 | Depths:4 | Noticed a caustic shrike
 46074 | Depths:4 | Noticed a caustic shrike
 46074 | Depths:4 | Noticed a caustic shrike
 46380 | Depths:4 | Identified the +7 long sword of Accidental Termination
                  | {flame, rCorr Int+3}
 46616 | Depths:4 | Found a glowing silver altar of Zin.
 47056 | Depths:2 | You paid a toll of +3 gold dragon scales to enter a
                  | treasure trove
 47057 | Trove    | Entered a treasure trove
 47072 | Trove    | Identified the +0 leather armour "Foraol Aludgh" {rPois}
 47085 | Trove    | Identified the ring "Vontot" {rElec Will++ Int+6 Dex-4
                  | Stlth+}
 47087 | Trove    | Identified the ring "Jaecix" {Str+6 Int+4}
 47408 | D:8      | Killed pigah's ghost
 47410 | D:8      | Identified the +5 war axe of Salt {vamp, Fly rCorr MP+9
                  | Str-5}
 47790 | Shoals:3 | Killed popps's ghost
 47799 | Shoals:3 | Identified the +1 scale mail of Compression {rCorr Str+3}
 48224 | Vaults:2 | Killed Boris
 48653 | Vaults:2 | Identified the +3 halberd "Emiewn" {antimagic, Dex+4}
 48741 | Vaults:2 | Reached skill level 15 in Ice Magic
 48970 | Vaults:2 | Found Ulaotonk's Weapon Shoppe.
 49048 | Vaults:2 | Found a staircase to the Crypt.
 49889 | Vaults:3 | Identified the +9 hand axe "Muufoeta" {heavy, Will+ Dex+5}
 50859 | Vaults:3 | Reached XP level 23. HP: 143/144 MP: 32/43
 51696 | Vaults:4 | Noticed Boris
 51702 | Vaults:4 | Killed Boris
 51784 | Vaults:4 | Found a flickering gateway to a bazaar.
 51790 | Bazaar   | Entered a bazaar
 51824 | Bazaar   | Found Gaxkoj's Jewellery Boutique.
 51846 | Bazaar   | Found Edar's Antique Weapon Emporium.
 51867 | Bazaar   | Found Gisuop's Book Boutique.
 51887 | Bazaar   | Found Cilut's Assorted Antiques.
 51914 | Bazaar   | Bought a potion of magic for 224 gold pieces
 51914 | Bazaar   | Bought a scroll of fog for 112 gold pieces
 51959 | Bazaar   | Bought the ring of the Sparrow {EV+5 Str+5} for 856 gold
                  | pieces
 51990 | Bazaar   | Bought a manual of Shields for 640 gold pieces
 52893 | Vaults:5 | Entered Level 5 of the Vaults
 52902 | Vaults:4 | Learned a level 3 spell: Gell's Gravitas
 52902 | Vaults:4 | Acquired 961 gold pieces
 53046 | Crypt:1  | Entered Level 1 of the Crypt
 53112 | Crypt:1  | Noticed Aizul
 53119 | Crypt:1  | Killed Aizul
 54596 | Crypt:2  | Noticed Xtahua
 54627 | Crypt:2  | Killed Xtahua
 55007 | Crypt:2  | Identified the +0 scale mail of Mugeud {rElec rC+ Str+3
                  | Dex+4}
 55231 | Crypt:3  | Entered Level 3 of the Crypt
 55234 | Crypt:3  | Reached XP level 24. HP: 152/152 MP: 33/44
 55314 | Crypt:3  | Reached skill level 16 in Fighting
 56000 | Crypt:3  | Reached skill level 10 in Summonings
 56676 | Crypt:3  | Found a staircase to the Tomb.
 56752 | Crypt:3  | Found a basalt altar of Yredelemnul.
 56814 | Crypt:3  | Found an ancient bone altar of Kikubaaqudgha.
 56881 | Crypt:3  | Learned a level 5 spell: Borgnjor's Vile Clutch
 56966 | Tomb:1   | Entered Level 1 of the Tomb of the Ancients
 57739 | Tomb:1   | Noticed a royal mummy
 57747 | Tomb:1   | Killed a royal mummy
 58477 | Hell     | Entered the Vestibule of Hell
 58478 | Hell     | Noticed Geryon
 58497 | Hell     | Killed Geryon
 59740 | Hell     | Found a gateway to the ashen valley of Gehenna.
 60001 | Hell     | Found a gateway to the freezing wastes of Cocytus.
 60106 | Hell     | Reached skill level 17 in Fighting
 60106 | Hell     | Reached XP level 25. HP: 160/160 MP: 29/44
 60287 | Hell     | Found a gateway to the Iron City of Dis.
 60573 | Hell     | Found a gateway to the decaying netherworld of Tartarus.
 61028 | Slime:1  | Entered Level 1 of the Pits of Slime
 61046 | Slime:1  | Gained mutation: You are vulnerable to cold. (rC-) [a
                  | shining eye]
 61817 | Vaults:5 | Noticed an ancient lich
 61824 | Vaults:5 | Killed an ancient lich
 62474 | Vaults:5 | Identified the +1 scale mail "Yvyiw" {Harm rN+ Str+3}
 62688 | Vaults:5 | Noticed Saint Roka
 62695 | Vaults:5 | Killed Saint Roka
 62704 | Vaults:5 | Noticed Boris
 62708 | Vaults:5 | Killed Boris
 62922 | Vaults:5 | Identified the ring "Onkianua" {MP+9 EV+5}
 62954 | Vaults:5 | Found Dimem's Magic Scroll Emporium.
 62956 | Vaults:5 | Reached XP level 26. HP: 148/168 MP: 21/45
 62959 | Vaults:5 | Bought a scroll of amnesia for 84 gold pieces
 62959 | Vaults:5 | Bought a scroll of fog for 84 gold pieces
 62959 | Vaults:5 | Bought a scroll of amnesia for 84 gold pieces
 63043 | Vaults:5 | Found Yplovy's Distillery.
 63048 | Vaults:5 | Bought a potion of berserk rage for 80 gold pieces
 63048 | Vaults:5 | Bought a potion of mutation for 128 gold pieces
 63069 | Vaults:5 | Noticed an ancient lich
 63075 | Vaults:5 | Killed an ancient lich
 63078 | Vaults:5 | Reached skill level 18 in Fighting
 63290 | Vaults:5 | Got a silver rune of Zot
 63298 | Vaults:5 | Found Fovicag's Magic Scroll Shoppe.
 63303 | Vaults:5 | Bought a scroll of amnesia for 48 gold pieces
 63961 | Vaults:5 | Reached skill level 10 in Dodging
 64074 | Vaults:5 | Identified the ring of Ephemeral Luck {rPois Will+ Int+5}
 64179 | Vaults:5 | Identified the +8 plate armour of Honesty {rElec Will+
                  | Regen+}
 64185 | Vaults:5 | Identified the +6 scale mail of Pleasant Breezes {rElec
                  | MP+9 Str-3 Dex+7}
 64691 | Zot:1    | Entered Level 1 of the Realm of Zot
 65011 | Zot:1    | Identified the +0 robe of Amorality {rF+ Int+6}
 66230 | Zot:2    | Noticed an orb of fire
 66819 | Zot:2    | Reached skill level 15 in Armour
 66823 | Zot:2    | Reached skill level 15 in Necromancy
 66840 | Zot:2    | Killed an orb of fire
 68143 | Zot:2    | Reached XP level 27. HP: 176/176 MP: 30/46
 69017 | Zot:3    | Reached skill level 19 in Fighting
 69448 | Zot:3    | Noticed Parghit
 70197 | Zot:2    | Killed Parghit
 70704 | Zot:3    | Identified the +1 war axe of the Dowdy God {flame, rN+
                  | Dex+5}
 71942 | Zot:5    | Entered Level 5 of the Realm of Zot
 72219 | Zot:5    | Reached skill level 10 in Evocations
 72415 | Zot:5    | Noticed an orb of fire
 72430 | Zot:5    | Lost mutation: You possess an exceptional clarity of mind.
                  | [an orb of fire]
 72432 | Zot:5    | Killed an orb of fire
 72435 | Zot:5    | Noticed an orb of fire
 72440 | Zot:5    | Killed an orb of fire
 72800 | Zot:5    | Noticed an ancient lich
 72805 | Zot:5    | Killed an ancient lich
 72809 | Zot:5    | Noticed an ancient lich
 72811 | Zot:5    | Noticed an ancient lich
 73066 | Zot:5    | Lost mutation: You have a pair of small antennae on your
                  | head. [potion of mutation]
 73066 | Zot:5    | Lost mutation: You are vulnerable to cold. (rC-) [potion of
                  | mutation]
 73066 | Zot:5    | Gained mutation: Potions are less effective at restoring
                  | your health. [potion of mutation]
 73066 | Zot:5    | Gained mutation: You have sharp toenails. [potion of
                  | mutation]
 73066 | Zot:5    | Gained mutation: Your movements are slightly less
                  | encumbered by armour. (ER -2) [potion of mutation]
 73066 | Zot:5    | Gained mutation: Your skin changes colour to match your
                  | surroundings (Stealth+). [potion of mutation]
 73078 | Zot:5    | Learned a level 8 spell: Lehudib's Crystal Spear
 73243 | Zot:5    | Killed an ancient lich
 73394 | Zot:5    | Noticed an orb of fire
 73402 | Zot:5    | Killed an orb of fire
 73429 | Zot:5    | Reached skill level 20 in Fighting
 73681 | Zot:5    | Noticed a dread lich
 73681 | Zot:5    | Noticed an ancient lich
 73692 | Zot:5    | Killed an ancient lich
 73696 | Zot:5    | Killed a dread lich
 74004 | Zot:5    | Killed an ancient lich
 74052 | Zot:5    | Identified the +4 morningstar of the Dwarven Hall {holy,
                  | Str-4 Int+5 Dex+8}
 75259 | Slime:4  | Gained mutation: You are weak. (Str -2) [a shining eye]
 75260 | Slime:4  | Gained mutation: You are vulnerable to cold. (rC-) [a
                  | shining eye]
 75332 | Slime:5  | Entered Level 5 of the Pits of Slime
 75433 | Slime:5  | Noticed the Royal Jelly
 75453 | Slime:5  | Killed the Royal Jelly
 75843 | Slime:5  | Gained mutation: You have hidden genetic defects. [a
                  | shining eye]
 75869 | Slime:5  | Lost mutation: You are vulnerable to cold. (rC-) [potion of
                  | mutation]
 75869 | Slime:5  | Lost mutation: You have sharp toenails. [potion of
                  | mutation]
 75869 | Slime:5  | Lost mutation: You have hidden genetic defects. [potion of
                  | mutation]
 75869 | Slime:5  | Gained mutation: Armour fits poorly on your strangely
                  | shaped body. [potion of mutation]
 75869 | Slime:5  | Gained mutation: You are strong-willed. (Will+) [potion of
                  | mutation]
 76058 | Slime:5  | Identified the +1 battleaxe of Breach {flame, Dex+2}
 76110 | Slime:5  | Acquired the scarf of Indestructible Mirth {repulsion,
                  | Str+2 SInv}
 76124 | Slime:5  | Identified the staff of cold "Luilos" {rC+ rCorr SInv}
 76126 | Slime:5  | Got a slimy rune of Zot
 76236 | Slime:5  | Identified the +5 ring mail of Ru, Protecting {SInv}
 76262 | Slime:5  | Identified the +0 pair of boots "Otzoag" {Will+ Str+3}
 76279 | Slime:5  | Lost mutation: You are weak. (Str -2) [potion of mutation]
 76279 | Slime:5  | Lost mutation: Potions are less effective at restoring your
                  | health. [potion of mutation]
 76279 | Slime:5  | Lost mutation: Your movements are slightly less encumbered
                  | by armour. (ER -2) [potion of mutation]
 76279 | Slime:5  | Gained mutation: You sometimes lose your temper in combat.
                  | [potion of mutation]
 76279 | Slime:5  | Gained mutation: You are frail. (-10% HP) [potion of
                  | mutation]
 76279 | Slime:5  | Lost mutation: You sometimes lose your temper in combat.
                  | [potion of mutation]
 76280 | Slime:5  | Lost mutation: Your skin changes colour to match your
                  | surroundings (Stealth+). [potion of mutation]
 76280 | Slime:5  | Lost mutation: You are frail. (-10% HP) [potion of
                  | mutation]
 76280 | Slime:5  | Gained mutation: You occasionally lose the ability to drink
                  | potions when taking damage. [potion of mutation]
 76280 | Slime:5  | Gained mutation: A frigid envelope surrounds you and
                  | freezes all who hurt you. [potion of mutation]
 76280 | Slime:5  | Gained mutation: You have sharp toenails. [potion of
                  | mutation]
 76281 | Slime:5  | Lost mutation: A frigid envelope surrounds you and freezes
                  | all who hurt you. [potion of mutation]
 76281 | Slime:5  | Lost mutation: You have sharp toenails. [potion of
                  | mutation]
 76281 | Slime:5  | Lost mutation: You occasionally lose the ability to drink
                  | potions when taking damage. [potion of mutation]
 76281 | Slime:5  | Gained mutation: Your mind is acute. (Int +4, Str/Dex -1)
                  | [potion of mutation]
 76281 | Slime:5  | Gained mutation: You are highly strong-willed. (Will++)
                  | [potion of mutation]
 76282 | Slime:5  | Identified the +0 plate armour "Seaviloz" {Str-3 Dex+3}
 76333 | Slime:5  | Identified the +7 plate armour "Hewa" {-Tele rN+ SInv}
 77127 | Zot:5    | Got the Orb of Zot
 77494 | D:10     | Noticed a seraph
 77502 | D:10     | Killed a seraph
 77698 | D:9      | Noticed Qicin the pandemonium lord
 77882 | D:4      | Killed Natasha
 77974 | D:1      | Noticed Hirrefos the pandemonium lord
 77978 | D:1      | Killed Hirrefos the pandemonium lord
 77979 | D:1      | Reached skill level 21 in Fighting
 77999 | D:$      | Escaped with the Orb!

Illustrated notes

Levels and vault maps discovered:
D:1:      evilmike_arrival_crescent, layout_basic,
          chequers_serial_rivers_small_3
D:2:      minmay_razor_zed, layout_loops_ring, uniq_sigmund
D:3:      layout_basic, lemuel_doored_altar, serial_park_tiny_pond
D:4:      minmay_clustersquares, layout_basic, minitemple,
          ebering_ghost_disaster_area, uniq_natasha, uniq_menkaure
D:5:      layout_basic, serial_shops, nicolae_stop_n_shop_1,
          nicolae_stop_n_shop_1, sigmund_army
D:6:      layout_rooms, minmay_temple_entry_glass, uniq_duvessa,
          uniq_crazy_yiuf_cottage
D:7:      layout_cave_pools, mainiacjoe_overflow_tiny_flanked,
          kennysheep_mini_moat, serial_shops, nicolae_shop_just_a_little_nook
D:8:      layout_basic, david_lair_generic, ebering_ghost_disaster_area
D:9:      layout_stronghold, david_orc_2
D:10:     layout_loops_corners, serial_shops, nicolae_shop_tiny_real_fake_doors
D:11:     minmay_evil_eye, layout_rooms, fedhas_ov_isle_minmay
D:12:     layout_cave_pools
D:13:     layout_loops_ring, erik_vaults_1, gauntlet_entry_generic,
          minmay_misc_feat_more_columns
D:14:     layout_roguey, nemelex_lonely_heart_becter, uniq_jorgrun
D:15:     grunt_enter_depths_magical_seal, layout_basic, minivault_25,
          nicolae_gozag_cash_rules_everything_around_me
Temple:   nicolae_temple_superstar
Lair:1:   layout_regular_city, nzn_masters_of_martial_movement,
          grunt_megastairs_3, lemuel_fruit_fields, uniq_maggie, uniq_gastronok,
          uniq_urug, uniq_prince_ribbit2
Lair:2:   layout_cave_pods, chequers_serial_rivers_micro_e, grunt_megastairs_5
Lair:3:   layout_big_grid, elwin_shoals_entry_rocks,
          nicolae_snake_entry_warm_welcome, st_stairs_13, hibernation_bobbens
Lair:4:   layout_regular_city, nicolae_slime_entry_field_trip, serial_rivers,
          chequers_serial_rivers_large_a, chequers_serial_rivers_micro_e,
          chequers_serial_rivers_marsh, chequers_serial_rivers_micro_d,
          infiniplex_staircase_pool_2
Lair:5:   minmay_lair_end_enchanted_forest, layout_hall_layers,
          chequers_serial_rivers_small_3, minivault_27, lemuel_fruit_tree,
          serial_bayou_shore_a, grunt_megastairs_2
Shoals:1: layout_shoals, nicolae_shop_gadgets
Shoals:2: layout_shoals, nicolae_shop_clearance
Shoals:3: cheibrodos_shoals_baths, layout_shoals, gammafunk_ghost_grave,
          uniq_ilsuiw
Shoals:4: shoals_end_grunt_garden, layout_shoals, shoals_ilsuiw_alternative,
          uniq_mara
Snake:1:  layout_basic, serial_shops, nicolae_shop_rolled_up, drop_trap
Snake:2:  gammafunk_the_bubble [the_bubble_gammafunk_grid], layout_cave_town,
          serial_shops, shop
Snake:3:  layout_cave_town
Snake:4:  snake_pit, layout_cave_town, nicolae_snake_serpentine_bazaar
Slime:1:  layout_caves
Slime:2:  layout_caves, nicolae_slime_round_cave
Slime:3:  layout_caves
Slime:4:  layout_caves, cheibrodos_slime_lost_civilization_4
Slime:5
Orc:1:    orc_temple, layout_caves, portal_ice_cave_entry_pillars_2,
          serial_shops, shop, uniq_fannar, uniq_snorg
Orc:2:    pf_orc_diabolical, layout_diamond_mine, nicolae_orc_pool_cavern,
          nicolae_shop_self_help, uniq_azrael
Elf:1:    layout_loops_corners, serial_shops, shop_statue,
          hellmonk_ghost_big_iron, minmay_elf_annihilation, minmay_shoptagon,
          lemuel_upstairs_altar, uniq_agnes
Elf:2:    elven_hall_of_blades_hangedman_original
          [nicolae_vaults_blade_armed_guards], layout_loops_cross, uniq_asterion
Elf:3:    grunt_elf_hall_asides, layout_loops_ring, basic_altar, serial_shops,
          nicolae_shop_behind_doors, nicolae_shop_real_fake_doors,
          nicolae_shop_peninsula, nicolae_shop_rolling_square, drop_trap,
          guppyfry_library_mini
Vaults:1: nicolae_vaults_steering_wheel, v_misc_24, v_misc_33,
          ontoclasm_vaults_claustrophobia, dpeg_vaults_monster_row,
          nicolae_vaults_little_squares_4, nicolae_vaults_closet_pinwheel_6,
          nicolae_vaults_storage_closets_2, nicolae_vaults_six-pack,
          layout_vaults_omnicross, serial_shops, shop, uniq_donald
Vaults:2: v_misc_14, minmay_crypt_entry_vampire_xt,
          nicolae_vaults_network_periphery, nicolae_vaults_network_square,
          hangedman_vaults_maws, vaults_room_glass_cross,
          nicolae_vaults_taking_the_gang_shopping,
          nicolae_vaults_little_squares_1, v_misc_31,
          nicolae_vaults_trapezoid_1, vaults_room_corners, vaults_dpeg_ring,
          layout_vaults_ring, serial_shops, shop, uniq_boris
Vaults:3: nicolae_vaults_network_s, nicolae_vaults_door_testing_chamber,
          nicolae_vaults_security_offices_4, nicolae_vaults_ninety_degrees,
          vaults_mumra_chevron, nicolae_vaults_windows_and_doors_thing,
          nicolae_vaults_tetromino_T_2, nicolae_vaults_network_barrier,
          ontoclasm_vaults_twist, nicolae_vaults_rhombus_6,
          nicolae_vaults_ring_of_whatevers, vaults_room_pools,
          layout_vaults_omnigrid
Vaults:4: vaults_dpeg_doors, ontoclasm_vaults_eye,
          nicolae_vaults_inception_statues, hangedman_vaults_maws,
          nicolae_vaults_twisting_passages, nicolae_vaults_frosty_reception,
          nicolae_vaults_apartment_1, nicolae_vaults_sealed_display,
          v_pattern_1, nicolae_vaults_trapezoid_lopsided_2,
          layout_vaults_omnibox, serial_shops, bzr_entry_road
Vaults:5: serial_shops, uniq_saint_roka
Crypt:1:  layout_gridlike, grunt_megastairs_4, uniq_aizul
Crypt:2:  layout_chaotic_city, uniq_xtahua
Crypt:3:  lightli_unholy_cathedral, layout_chaotic_city,
          tomb_entry_shell_bobbens
Tomb:1
Depths:1: layout_big_octagon, pan_entry, grunt_dithmenos_smoke_and_mirrors,
          hellmouth_1, kennysheep_another_room, minmay_misc_feat_plants,
          slow_altar_1, uniq_enchantress, uniq_bai_suzhen
Depths:2: four-leaf_vault, layout_gridville, serial_shops,
          nicolae_shop_tiny_real_fake_doors, nicolae_trove_entry_diagonal,
          minmay_room_of_horrors, rand_demon_pan_entry_4, nicolae_water_bricks,
          pf_hell_entry_tar_river
Depths:3: gammafunk_sealed_arena, layout_cave_pools, enter_ziggurat_d,
          serial_shops, kennysheep_little_box, abyss_entry,
          grunt_hell_entry_dis_mu, minmay_shop_star,
          infiniplex_staircase_trident
Depths:4: grunt_zot_entry_tricorne, layout_long_grid, zin_angel,
          grunt_hell_horde, abyss_entry
Hell
Zot:1:    layout_basic
Zot:2:    layout_basic, evilmike_ambush [evilmike_ambush_outer_doors,
          evilmike_ambush_inner_basic], grunt_megastairs_1
Zot:3:    layout_misc_corridors, st_single_dragon_hoard_2, uniq_parghit
Zot:4:    layout_gridlike
Zot:5:    layout_concentric_octagons

Skill      XL: |  1  2  3  4  5  6  7  8  9 10 11 12 13 14 15 16 17 18 19 20 21 22 23 24 25 26 27 |
---------------+----------------------------------------------------------------------------------+-----
Transmutations | 1 |  1.1
Fighting       | 2 3 4 5 6 7 8 10 11 13 14 15 17 18 21 | 21.0
Stealth        | 3 4 5 6 7 8 9 10 11 12 13 | 13.1
Spellcasting   | 3 4 5 6 7 8 9 10 11 12 13 14 15 16 17 18 19 | 19.2
Earth Magic    | 4 5 6 7 8 9 10 11 13 | 13.1
Conjurations   | 2 3 4 6 7 8 9 10 11 12 13 14 15 17 20 | 20.0
Evocations     | 2 3 4 6 7 8 12 | 12.1
Necromancy     | 1 3 5 6 9 11 12 13 14 15 | 15.1
Air Magic      | 1 3 5 |  5.5
Dodging        | 3 5 6 7 8 9 10 13 | 13.2
Staves         | 2 3 5 7 9 |  9.1
Ice Magic      | 1 3 5 6 8 9 10 11 12 14 15 | 15.9
Armour         | 4 5 7 9 10 11 12 14 15 | 15.3
Translocations | 2 3 |  3.1
Fire Magic     | 4 |  4.6
Summonings     | 2 4 6 8 9 10 12 13 | 13.1

Action                     |  1- 3 |  4- 6 |  7- 9 | 10-12 | 13-15 | 16-18 | 19-21 | 22-24 | 25-27 || total
---------------------------+-------+-------+-------+-------+-------+-------+-------+-------+-------++-------
  Melee: Unarmed           |    14 |       |       |       |       |       |       |       |       ||    14
         Whip              |    11 |       |       |       |       |       |       |       |       ||    11
         Staff             |       |       |       |    11 |    74 |   130 |    59 |    84 |   125 ||   483
   Fire: Sling             |       |       |       |       |       |     2 |       |       |       ||     2
   Cast: Sandblast         |    18 |    81 |   111 |   156 |   126 |    37 |    10 |     3 |    10 ||   552
         Stone Arrow       |       |     2 |    44 |   195 |   499 |   220 |    40 |     4 |     1 ||  1005
         Kiss of Death     |       |       |       |     1 |     3 |       |       |       |       ||     4
         Fireball          |       |       |       |       |    25 |    66 |     9 |     8 |     1 ||   109
         Arcjolt           |       |       |       |       |    18 |    48 |     7 |    24 |    43 ||   140
         Lee's Rapid Decon |       |       |       |       |    74 |    56 |    37 |    19 |    27 ||   213
         Passwall          |       |       |       |       |     1 |       |       |       |       ||     1
         Simulacrum        |       |       |       |       |       |    38 |    99 |    57 |    64 ||   258
         Iron Shot         |       |       |       |       |       |   219 |   293 |   712 |   805 ||  2029
         Freezing Cloud    |       |       |       |       |       |       |    46 |    19 |    43 ||   108
         Spellforged Servi |       |       |       |       |       |       |     7 |    29 |    31 ||    67
         Gell's Gravitas   |       |       |       |       |       |       |       |     3 |     1 ||     4
         Borgnjor's Vile C |       |       |       |       |       |       |       |     2 |     7 ||     9
  Evoke: Lightning rod     |       |       |       |     4 |    17 |     7 |     6 |     1 |     5 ||    40
         Wand              |       |       |       |       |    10 |    11 |     4 |     4 |     3 ||    32
         Phantom mirror    |       |       |       |       |     1 |       |       |       |       ||     1
         Tin of tremorston |       |       |       |       |     1 |     5 |     1 |     2 |     1 ||    10
    Use: Potion            |     2 |       |       |     2 |     4 |     3 |     4 |       |    26 ||    41
         Scroll            |     1 |       |     7 |     6 |    20 |    10 |     6 |     7 |    11 ||    68
   Stab: Sleeping          |       |       |       |       |       |     2 |       |       |       ||     2
         Distracted        |       |       |       |       |       |       |     2 |     2 |     2 ||     6
         Invisible         |       |       |       |       |       |       |       |     1 |     3 ||     4
 Armour: Robe              |     6 |    16 |    30 |    46 |       |       |    27 |       |       ||   125
         Leather armour    |       |       |       |     3 |       |       |       |       |       ||     3
         Troll leather arm |       |       |       |    14 |       |       |       |       |       ||    14
         Ring mail         |       |       |       |       |   189 |   217 |       |       |       ||   406
         Steam dragon scal |       |       |       |       |       |    66 |    40 |       |       ||   106
         Storm dragon scal |       |       |       |       |       |       |   114 |   548 |   681 ||  1343
  Dodge: Dodged            |    20 |    35 |    48 |   170 |   341 |   389 |   169 |   282 |   518 ||  1972
  Block: Orb               |       |       |     3 |    36 |    18 |     9 |       |       |       ||    66
         Other             |       |       |       |     4 |    14 |    11 |       |       |       ||    29
         Reflection        |       |       |       |     2 |     3 |     5 |       |       |       ||    10
